 Dungeon Crawl Stone Soup version 0.25-a0-289-g406d6369f5 (webtiles) character file.

Game seed: 16192760718440541665, levelgen mode: deterministic

12268 MoonlitKnight the Blocker (level 11, -13/102 HPs)
             Began as a Minotaur Fighter on Dec 13, 2019.
             Was a Believer of the Shining One.
             Mangled by Snorg (16 damage)
             ... on level 3 of the Lair of Beasts.
             The game lasted 00:24:43 (10310 turns).

MoonlitKnight the Blocker (Minotaur Fighter)       Turns: 10310, Time: 00:24:43

Health: -13/102    AC: 18    Str: 23    XL:     11   Next: 60%
Magic:  13/13      EV:  6    Int:  5    God:    the Shining One [**....]
Gold:   653        SH: 12    Dex: 11    Spells: 10/10 levels left

rFire    . . .     SeeInvis .   a - +4 flail (protect)
rCold    . . .     Gourm    .   c - +0 shield
rNeg     + . .     Faith    .   C - +0 plate armour
rPois    .         Spirit   .   (helmet restricted)
rElec    .         Reflect  .   (no cloak)
rCorr    +         Harm     .   q - +1 pair of gloves
MR       .....                  w - +0 pair of boots
Stlth    ..........             (no amulet)
HPRegen  0.27/turn              z - ring of resist corrosion
MPRegen  0.13/turn              L - ring of flight

@: glowing
A: retaliatory headbutt, horns 2
a: Divine Shield, Renounce Religion, Evoke Flight


You were on level 3 of the Lair of Beasts.
You worshipped the Shining One.
The Shining One was pleased with you.
You were hungry.

You visited 3 branches of the dungeon, and saw 13 of its levels.

You collected 653 gold pieces.

Inventory:

Hand Weapons
 a - a +4 flail of protection (weapon)
 s - a +4 triple crossbow
Missiles
 l - 71 sling bullets
 A - 13 curare-tipped darts
 B - 17 poisoned darts (quivered)
Armour
 c - a +0 shield (worn)
 q - a +1 pair of gloves (worn)
 w - a +0 pair of boots (worn)
 C - a +0 plate armour (worn)
Jewellery
 z - a ring of resist corrosion (left hand)
 J - an uncursed ring of ice
 L - a ring of flight (right hand)
Wands
 g - a wand of flame (29)
 E - a wand of enslavement (10)
 G - a wand of iceblast (6)
Scrolls
 b - 3 scrolls of magic mapping
 e - 7 scrolls of teleportation
 h - 2 scrolls of remove curse
 j - 3 scrolls of random uselessness {unknown}
 m - a scroll of noise {unknown}
 o - 9 scrolls of identify
 r - a scroll of amnesia {unknown}
 v - a scroll of blinking {unknown}
 y - a scroll of immolation {unknown}
 H - a scroll of enchant armour {unknown}
 K - a scroll of summoning {unknown}
Potions
 d - 2 potions of might
 i - 2 potions of invisibility
 k - 2 potions of curing
 n - 2 potions of ambrosia
 p - a potion of brilliance {unknown}
 t - 2 potions of heal wounds {unknown}
 u - a potion of berserk rage {unknown}
 x - 3 potions of haste {unknown}
 D - a potion of flight {unknown}
 F - a potion of mutation {unknown}
 I - a potion of cancellation {unknown}
Comestibles
 f - 19 rations


   Skills:
 + Level 11.5 Fighting
 + Level 11.2 Maces & Flails
 - Level 10.0 Armour
 + Level 11.6 Shields
 + Level 5.3 Invocations


You had 10 spell levels left.
You didn't know any spells.
Your spell library contained the following spells:

 Spells                   Type           Power        Failure   Level  Hunger
 Magic Dart               Conj           #...         100%        1    ##.....
 Blink                    Tloc           N/A          100%        2    ###....
 Call Imp                 Summ           #.......     100%        2    ###....
 Slow                     Hex            #.......     100%        2    ###....
 Conjure Flame            Conj/Fire      #.......     100%        3    ####...
 Mephitic Cloud           Conj/Pois/Air  #.......     100%        3    ####...


Dungeon Overview and Level Annotations

Branches:
Dungeon (9/15)             Temple (1/1) D:6            Lair (3/6) D:9
    Orc (0/2) D:9
  Swamp: Lair:2-4    Shoals: Lair:2-4     Snake: Lair:2-4    Spider: Lair:2-4

Altars:
Ashenzari
Cheibriados
Dithmenos
Elyvilon
Fedhas
Kikubaaqudgha
Makhleb
Nemelex Xobeh
Qazlal
Ru
Sif Muna
Wu Jian
Xom
Zin
The Shining One

Shops:
D:4 ?

Annotations:
D:9 3 runed translucent doors
Lair:3 Snorg


Innate Abilities, Weirdness & Mutations

You reflexively headbutt those who attack you in melee.
You have a pair of horns on your head.


Message History

* * * LOW HITPOINT WARNING * * *
Snorg claws you but does no damage.
Your shield and plate armour prevent you from hitting Snorg.
You headbutt Snorg.
Snorg is heavily wounded.
You block Snorg's attack. Snorg claws you but does no damage. x2
Snorg rages.
Snorg bites you but does no damage. Snorg claws you.
* * * LOW HITPOINT WARNING * * *
You block Snorg's attack. Snorg bites you.
* * * LOW HITPOINT WARNING * * *
Snorg claws you!
* * * LOW HITPOINT WARNING * * *
Snorg claws you.
* * * LOW HITPOINT WARNING * * *
Snorg bites you.
* * * LOW HITPOINT WARNING * * *
You block Snorg's attack. Snorg claws you!
You die...

###....#.#####
##..........#.#
#............#
!............#
.............## .
..............##..
.................#
.......@........#
........T.......#
..........#.....#
..........###...#
.......?...# ....
#.P##.###P... .#.
### ## #....# #
####... #..


You could see Snorg (berserk).

Vanquished Creatures
  A hydra (Lair:2)
  Fannar (Lair:2)
  5 black mambas
  3 torpor snails (Lair:1)
  2 spiny frogs
  A rime drake (Lair:2)
  A komodo dragon (Lair:2)
  2 trolls (D:9)
  A hippogriff (D:8)
  The ghost of Nagy the Chiller, an amateur VSIE of Sif Muna (D:5)
  17 yaks
  Edmund (D:5)
  A porcupine (Lair:2)
  4 water moccasins (Lair:2)
  3 orc warriors
  2 sky beasts
  A black bear (D:8)
  An eye of draining (D:9)
  2 phantoms (D:4)
  3 ogres
  2 wolves (D:9)
  3 crocodiles
  2 centaurs
  A big kobold (D:5)
  3 bullfrogs
  A water moccasin zombie (D:9)
  A water moccasin skeleton (D:8)
  5 crimson imps
  A bullfrog zombie (D:9)
  6 orc priests
  8 hounds
  3 jellies
  11 orc wizards
  Terence (D:3)
  A bullfrog skeleton (D:7)
  2 iguanas
  5 worker ants
  A worker ant zombie (D:9)
  Robin (D:2)
  8 gnolls (D:5)
  11 adders
  4 shadow imps
  2 oozes (D:5)
  3 adder skeletons
  A worm (D:4)
  3 dart slugs
  5 leopard geckos
  41 orcs
  3 ball pythons
  4 giant cockroaches
  18 goblins
  6 hobgoblins
  19 jackals
  3 quokkas
  10 bats
  3 frilled lizards
  A jackal skeleton (D:5)
  12 kobolds
  2 quokka skeletons (D:5)
  6 rats
276 creatures vanquished.

Vanquished Creatures (others)
  A plant (Lair:2)
1 creature vanquished.

Grand Total: 277 creatures vanquished

Notes
Turn   | Place    | Note
-------+----------+-------------------------------------------
     0 | D:1      | MoonlitKnight the Minotaur Fighter began the quest for the
                  | Orb.
     0 | D:1      | Reached XP level 1. HP: 19/19 MP: 0/0
   153 | D:1      | Reached XP level 2. HP: 27/27 MP: 1/1
   415 | D:1      | Reached XP level 3. HP: 30/33 MP: 2/2
   762 | D:2      | Reached XP level 4. HP: 34/40 MP: 3/3
   768 | D:2      | Found a shimmering blue altar of Sif Muna.
  1215 | D:2      | Noticed Robin
  1234 | D:2      | Killed Robin
  1727 | D:3      | Found a white marble altar of Elyvilon.
  1727 | D:3      | Found a shimmering altar of Xom.
  1848 | D:3      | Reached XP level 5. HP: 44/47 MP: 4/4
  1979 | D:3      | Noticed Terence
  1988 | D:3      | Killed Terence
  1988 | D:3      | Reached skill level 5 in Fighting
  1988 | D:3      | Reached skill level 5 in Shields
  2079 | D:3      | Reached skill level 5 in Armour
  2091 | D:3      | Reached XP level 6. HP: 30/56 MP: 5/5
  2368 | D:3      | Found a shadowy altar of Dithmenos.
  3076 | D:4      | Reached skill level 5 in Maces & Flails
  3076 | D:4      | Reached XP level 7. HP: 50/62 MP: 6/6
  3082 | D:4      | Found Guxzuirph's Magic Scroll Shoppe.
  3114 | D:4      | Found a burning altar of Makhleb.
  3574 | D:5      | Entered Level 5 of the Dungeon
  3870 | D:5      | Noticed Edmund
  3884 | D:5      | Killed Edmund
  3884 | D:5      | Reached XP level 8. HP: 71/71 MP: 7/7
  4202 | D:5      | Found a runed translucent gate.
  4203 | D:5      | Noticed Nagy's ghost (amateur VSIE)
  4207 | D:5      | Found a runed translucent gate.
  4207 | D:5      | Found a runed translucent gate.
  4457 | D:5      | Killed Nagy's ghost
  4773 | D:6      | Found a shattered altar of Ashenzari.
  4941 | D:6      | Found a staircase to the Ecumenical Temple.
  4964 | Temple   | Entered the Ecumenical Temple
  4997 | Temple   | Became a worshipper of the Shining One
  5218 | D:6      | Found a sacrificial altar of Ru.
  5573 | D:7      | Reached XP level 9. HP: 75/81 MP: 8/8
  5777 | D:7      | Found an ornate altar of the Wu Jian Council.
  6243 | D:8      | Reached * piety under the Shining One
  6506 | D:8      | Found a stormy altar of Qazlal.
  6715 | D:8      | Found a sacrificial altar of Ru.
  6755 | D:9      | Noticed a troll
  6765 | D:9      | Killed a troll
  6778 | D:9      | Noticed a troll
  6803 | D:9      | Killed a troll
  7092 | D:9      | Reached XP level 10. HP: 75/91 MP: 9/9
  7205 | D:9      | Found a staircase to the Lair.
  7226 | D:9      | The Shining One protects you from harm!
  7229 | D:9      | The Shining One protects you from harm!
  7697 | D:9      | Found a runed translucent gate.
  7697 | D:9      | Found a runed translucent gate.
  7697 | D:9      | Noticed a red very ugly thing
  7697 | D:9      | Reached ** piety under the Shining One
  7699 | D:9      | Found a runed translucent gate.
  7699 | D:9      | Noticed a brown ugly thing
  7700 | D:9      | Noticed a white ugly thing
  7700 | D:9      | Noticed a green ugly thing
  7700 | D:9      | Noticed a red ugly thing
  7701 | D:9      | Noticed a green ugly thing
  7702 | D:9      | Noticed a green ugly thing
  8009 | D:9      | Found a staircase to the Orcish Mines.
  8057 | Lair:1   | Entered Level 1 of the Lair of Beasts
  8072 | Lair:1   | Noticed a black mamba
  8086 | Lair:1   | Killed a black mamba
  8086 | Lair:1   | Reached skill level 1 in Invocations
  8170 | Lair:1   | Noticed a spiny frog
  8176 | Lair:1   | Killed a spiny frog
  8176 | Lair:1   | Reached skill level 10 in Fighting
  8176 | Lair:1   | Reached skill level 10 in Armour
  8176 | Lair:1   | Reached skill level 10 in Shields
  8301 | Lair:1   | Found a snail-covered altar of Cheibriados.
  8301 | Lair:1   | Noticed a torpor snail
  8301 | Lair:1   | Noticed a torpor snail
  8325 | Lair:1   | Killed a torpor snail
  8337 | Lair:1   | Killed a torpor snail
  8563 | Lair:1   | Noticed a torpor snail
  8580 | Lair:1   | Killed a torpor snail
  9044 | Lair:2   | Noticed Fannar
  9069 | Lair:2   | Killed Fannar
  9069 | Lair:2   | Reached skill level 10 in Maces & Flails
  9083 | Lair:2   | Noticed a black mamba
  9093 | Lair:2   | Killed a black mamba
  9095 | Lair:2   | Reached XP level 11. HP: 53/101 MP: 12/12
  9443 | Lair:2   | Noticed a seven-headed hydra
  9450 | Lair:2   | Killed a seven-headed hydra
  9670 | Lair:2   | Reached skill level 5 in Invocations
 10293 | Lair:3   | Noticed Snorg
 10309 | Lair:3   | HP: 5/102 [Snorg (2)]
 10310 | Lair:3   | Mangled by Snorg

Levels and vault maps discovered:
D:1:      dpeg_arrival_court, layout_basic
D:2:      layout_loops_cross, overflow_temple_1_default,
          hangedman_abyss_or_decor_stabs, uniq_robin
D:3:      layout_basic, grunt_dithmenos_smoke, gammafunk_temple_overflow_wave,
          kennysheep_generic_room_11, uniq_terence
D:4:      layout_rooms, lemuel_doored_altar, first_ration, serial_shops,
          shop_fountains, nrook_uturn
D:5:      layout_loops_corners, gammafunk_ghost_nasty_kobolds, uniq_edmund
D:6:      layout_basic, evilmike_ruin_ashenzari, minmay_temple_entry_grid,
          nicolae_ru_awakened_eye
D:7:      layout_basic, lemuel_round_altar, eino_small_chamber_without_monster
D:8:      layout_loops_cross, grunt_qazlal_clouds, kennysheep_little_box
D:9:      layout_roguey, erik_lair_island, hiddenorc1_lemuel,
          ploomutoo_gammafunk_ghost_potion_laboratory
Temple:   oiseaux_autumnal_temple
Lair:1:   layout_big_grid, chequers_serial_rivers_micro_c,
          kennysheep_snail_temple, grunt_megastairs_5,
          infiniplex_staircase_pool_2, serial_bayou_shore_b
Lair:2:   layout_gridlike, minivault_11, cheibrodos_lair_reptile_den,
          uniq_fannar
Lair:3:   layout_cave_pods, guppyfry_snake_entry_garden, serial_bayou_lake_a,
          uniq_snorg

Skill      XL: |  1  2  3  4  5  6  7  8  9 10 11 |
---------------+----------------------------------+-----
Shields        | 4 5 6 8 9 10 11 | 11.6
Armour         | 4 5 6 7 9 10 | 10.0
Fighting       | 4 5 6 7 9 10 11 | 11.5
Maces & Flails | 3 4 5 6 7 8 10 11 | 11.2
Invocations    | 3 5 |  5.3

Action                   |  1- 3 |  4- 6 |  7- 9 | 10-12 || total
-------------------------+-------+-------+-------+-------++-------
Melee: Flail             |    87 |    71 |   228 |   339 ||   725
       Headbutt          |    15 |    29 |    69 |    74 ||   187
       Mace              |       |   113 |   114 |       ||   227
  Use: Scroll            |       |       |     7 |       ||     7
       Potion            |       |       |       |     1 ||     1
  Eat: Chunk             |       |     7 |    13 |     7 ||    27
       Ration            |       |       |       |     1 ||     1
Armor: Scale mail        |    55 |    58 |       |       ||   113
       Chain mail        |       |    39 |    97 |       ||   136
       Plate armour      |       |       |    78 |   162 ||   240
Dodge: Dodged            |    26 |    60 |    59 |    59 ||   204
Block: Shield            |    64 |   120 |   174 |   201 ||   559

Table legend:
 A = Non-vault XP
 B = Vault XP
 C = Vault XP percentage of total XP
 D = Non-vault monster count
 E = Vault monster count
 F = Vault count percentage of total count
                 A         B        C        D         E       F
            +---------+---------+-------+---------+---------+-------
      Total |   13024 |    4502 |  25.7 |     220 |      56 |  20.3
            +---------+---------+-------+---------+---------+-------
        D:1 |      50 |       0 |   0.0 |      28 |       0 |   0.0
        D:2 |      82 |      34 |  29.3 |      15 |      11 |  42.3
        D:3 |     197 |      39 |  16.5 |      28 |       2 |   6.7
        D:4 |     718 |       0 |   0.0 |      28 |       0 |   0.0
        D:5 |     458 |     491 |  51.7 |      29 |      11 |  27.5
        D:6 |     638 |       0 |   0.0 |      18 |       0 |   0.0
        D:7 |     441 |       0 |   0.0 |       9 |       0 |   0.0
        D:8 |     994 |       0 |   0.0 |      18 |       0 |   0.0
        D:9 |    1789 |     963 |  35.0 |      18 |      26 |  59.1
     Lair:1 |     958 |    1244 |  56.5 |       3 |       3 |  50.0
     Lair:2 |    6699 |    1731 |  20.5 |      26 |       3 |  10.3
            +---------+---------+-------+---------+---------+-------
